 Dungeon Crawl Stone Soup version 0.24-a0-375-g4de66ed (webtiles) character file.

Game seed: 8439424756211889521

35242 cheezpleez the Carver (level 13, -2/175 HPs)
             Began as a Hill Orc Fighter on May 30, 2019.
             Was the Champion of Ru.
             Slain by Rupert
             ... wielding a +4 great mace of venom
              (29 damage)
             ... on level 6 of the Lair of Beasts on May 31, 2019.
             The game lasted 00:59:12 (15392 turns).

cheezpleez the Carver (Hill Orc Fighter)           Turns: 15392, Time: 00:59:12

Health: -2/175     AC: 29    Str: 24    XL:     13   Next: 82%
Magic:  0/13       EV:  2    Int:  8    God:    Ru [******]
Gold:   983        SH:  0    Dex: 15    Spells: 12/12 levels left

rFire    x . .     SeeInvis .   o - +3 long sword (slice)
rCold    x . .     Gourm    .   c - +0 shield
rNeg     + + +     Faith    .   (armour currently unavailable)
rPois    +         Spirit   +   (helmet currently unavailable)
rElec    .         Reflect  .   (cloak currently unavailable)
rCorr    .         Harm     .   (gloves currently unavailable)
MR       .....     NoTele   +   (boots currently unavailable)
Stlth    +++.......             j - amulet of guardian spirit
HPRegen  0.39/turn              O - +3 ring of protection
MPRegen  0.13/turn              u - ring of stealth

@: confused, agile, lethally poisoned (-2 -> -11), exhausted, tree-form, no
scrolls, hasted, heavily drained, very quick
A: inability to read while threatened, no air magic, no hexes magic, no
summoning magic, magic vulnerability 1, disrupted magic 1, temperature sensitive
a: Draw Out Power, Power Leap, Apocalypse, Renounce Religion


You were on level 6 of the Lair of Beasts.
You worshipped Ru.
Ru was exalted by your worship.
You were hungry.
You were a tree.
You visited 3 branches of the dungeon, and saw 18 of its levels.

You collected 983 gold pieces.

Inventory:

Hand Weapons
 o - a +3 long sword of slicing (weapon)
Armour
 c - a +0 shield (worn)
 y - a +2 cloak of magic resistance (melded)
 G - a +0 helmet (melded)
 P - a +0 pair of gloves (melded)
 Q - a +0 plate armour (melded)
 T - a +2 pair of boots of stealth (melded)
Jewellery
 j - an amulet of guardian spirit (around neck)
 u - a ring of stealth (right branch)
 A - an uncursed ring of protection from fire
 I - a +4 ring of intelligence
 O - a +3 ring of protection (left branch)
Wands
 m - a wand of paralysis (24)
 B - a wand of scattershot (11)
 C - a wand of flame (6)
 F - a wand of digging (10)
 H - a wand of disintegration (16)
 J - a wand of random effects (24)
 R - a wand of iceblast (4)
Scrolls
 b - a scroll of holy word
 d - a scroll of brand weapon {unknown}
 e - 5 scrolls of teleportation
 g - 3 scrolls of enchant weapon
 h - 4 scrolls of magic mapping
 i - 5 scrolls of amnesia
 n - 6 scrolls of remove curse
 q - 4 scrolls of identify
 s - a scroll of immolation
 z - 2 scrolls of noise
 D - a scroll of blinking
 L - a scroll of enchant armour
 M - a scroll of torment
 S - a scroll of fear {unknown}
Potions
 a - 2 potions of lignification
 k - 9 potions of curing
 l - 2 potions of haste
 p - a potion of ambrosia
 r - a potion of magic
 t - 4 potions of brilliance
 v - 3 potions of berserk rage
 x - 4 potions of degeneration
 K - a potion of agility
Comestibles
 f - 33 rations


   Skills:
 + Level 11.7(9.9) Fighting
 + Level 14.3(12.4) Long Blades
   Level 3.5(2.0) Maces & Flails
 + Level 11.8(10.0) Armour
 + Level 4.6(3.1) Dodging
 + Level 3.6(2.2) Stealth
 + Level 11.7(9.9) Shields


You had 12 spell levels left.
You didn't know any spells.
Your spell library contained the following spells:

 Spells                   Type           Power        Failure   Level  Hunger
 Sandblast                Erth           #.....       71%         1    ##.....
 Passwall                 Tmut/Erth      #.......     83%         2    ###....
 Gell's Gravitas          Tloc           #.........   96%         3    ####...
 Stone Arrow              Conj/Erth      #.....       96%         3    ####...
 Petrify                  Tmut/Erth      #.......     100%        4    #####..
 Lee's Rapid Deconstruct  Erth           #.........   100%        5    ######.
 Confusing Touch          Hex            Unusable     N/A         1    N/A
 Confuse                  Hex            Unusable     N/A         3    N/A
 Metabolic Englaciation   Hex/Ice        Unusable     N/A         5    N/A
 Yara's Violent Unravell  Hex/Tmut       Unusable     N/A         5    N/A

Dungeon Overview and Level Annotations

Branches:
Dungeon (11/15)            Temple (0/1) D:7            Lair (6/6) D:11
 Shoals (0/4) Lair:3       Spider (1/4) Lair:2
  Slime: Lair:5-6       Orc: D:9-12

Altars:
Gozag
Hepliaklqana
Kikubaaqudgha
Makhleb
Nemelex Xobeh
Qazlal
Ru
Sif Muna
Xom
Yredelemnul
Zin
The Shining One

Shops:
D:4 :

Annotations:
D:2 Sigmund
Lair:5 Sonja
Lair:6 Rupert


Innate Abilities, Weirdness & Mutations

You cannot read scrolls while threatened.
You cannot study or cast Air magic.
You cannot study or cast Hexes magic.
You cannot study or cast Summoning magic.
You are slightly vulnerable to magic. (MR-)
Your casting is slightly disrupted.
You are sensitive to extremes of temperature. (rF-, rC-)


Message History

The four-headed hydra bites you but does no damage.
The four-headed hydra bites you.
* * * LOW HITPOINT WARNING * * *
You block the four-headed hydra's attack. x2
The rime drake is stunned by your will and fails to attack.
Rupert hits you with a +4 great mace of venom!
* * * LOW HITPOINT WARNING * * *
You are confused.
You feel invigorated.
You feel sick.
The rime drake bites you but does no damage.
The four-headed hydra barely misses you.
The four-headed hydra bites you but does no damage. x3
You redirect Rupert's attack!
Rupert hits the four-headed hydra with a +4 great mace of venom!!
You feel agile all of a sudden.
You feel sick.
The four-headed hydra bites you but does no damage. x4
Rupert hits you with a +4 great mace of venom!!!
You feel threatened and lose the ability to read scrolls!
You die...

######
#....###
##......#
##D......#
#♣Dk#....#
######@.....#
#....#......#
. #......#..#
..#+##..##.##
.#...#..#..##
#..⌠.+......##
#.. #...#....#
#...#.......%#


You could see Rupert (berserk), 2 four-headed hydras and a rime drake.

Vanquished Creatures
  Gastronok (Lair:3)
  Nessos (Lair:5)
  The ghost of Lenossia the Severer, a journeyman MiBe of Trog (Lair:4)
  A dire elephant (Lair:2)
  2 hydras
  6 death yaks (Lair:3)
  2 two-headed ogres
  An unseen horror (D:11)
  Pikel (D:7)
  A wolf spider (Lair:2)
  A manticore (D:11)
  A cyclops (D:11)
  15 elephants (Lair:2)
  6 spiny frogs
  A black mamba (Lair:1)
  6 komodo dragons
  A jumping spider (Lair:2)
  A polar bear (Lair:4)
  3 trolls
  3 blink frogs (Lair:2)
  A merfolk (D:10)
  Prince Ribbit (D:7)
  7 dream sheep
  3 hippogriffs
  A meliai zombie (D:10)
  A spriggan (Lair:2)
  2 shadows (D:11)
  2 wyverns
  A redback (Lair:2)
  17 yaks
  A wraith (D:11)
  Eustachio (D:5)
  A hungry ghost (D:8)
  A steam dragon (D:11)
  Menkaure (D:5)
  7 water moccasins
  An orc warrior (D:9)
  6 porcupines
  2 black bears
  2 sky beasts
  2 slaves (D:7)
  4 wolves (Lair:6)
  2 ice beasts
  5 ogres
  4 phantoms
  8 centaurs
  9 crocodiles
  A big kobold (D:10)
  7 bullfrogs
  A gnoll sergeant (D:9)
  2 scorpions
  6 killer bees
  6 wights
  3 jellies
  6 howler monkeys
  5 crimson imps
  3 bullfrog zombies
  3 orc wizards
  3 bullfrog skeletons
  Crazy Yiuf (D:5)
  4 centaur skeletons
  5 hounds
  2 iguanas
  9 worker ants
  2 hound skeletons
  2 worker ant zombies
  6 gnolls
  8 adders
  3 shadow imps
  3 oozes
  2 adder skeletons
  2 worms
  4 dart slugs
  7 leopard geckos
  22 orcs
  2 ball pythons (D:4)
  8 bats
  9 giant cockroaches
  5 goblins
  5 hobgoblins
  3 jackals (D:9)
  3 quokkas
  4 frilled lizards
  5 kobolds
  A leopard gecko zombie (D:6)
  2 quokka skeletons
  5 rats
  7 fungi
  10 plants
345 creatures vanquished.

Vanquished Creatures (others)
  A tarantella (Lair:2)
  A yak (D:11)
  A centaur (Lair:3)
  An orc (D:5)
  68 fungi
  32 plants
104 creatures vanquished.

Grand Total: 449 creatures vanquished

Notes
Turn   | Place    | Note
-------+----------+-------------------------------------------
     0 | D:1      | cheezpleez the Hill Orc Fighter began the quest for the
                  | Orb.
     0 | D:1      | Reached XP level 1. HP: 19/19 MP: 1/1
   142 | D:1      | Reached XP level 2. HP: 25/27 MP: 2/2
   319 | D:1      | Reached XP level 3. HP: 33/33 MP: 3/3
   557 | D:2      | Noticed Sigmund
  1047 | D:3      | Reached XP level 4. HP: 40/40 MP: 4/4
  1325 | D:3      | Reached skill level 1 in Long Blades
  1374 | D:3      | Reached XP level 5. HP: 47/47 MP: 5/5
  1595 | D:4      | Noticed an ogre
  1606 | D:4      | Killed an ogre
  1606 | D:4      | Reached skill level 2 in Long Blades
  1805 | D:4      | Found Wyos's Book Shoppe.
  1842 | D:4      | Noticed a phantom
  1875 | D:4      | Killed a phantom
  1875 | D:4      | Reached skill level 1 in Dodging
  1875 | D:4      | Reached XP level 6. HP: 44/53 MP: 6/6
  1971 | D:4      | Reached skill level 3 in Long Blades
  2202 | D:4      | Found a sacrificial altar of Ru.
  2222 | D:4      | Became a worshipper of Ru the Awakened
  2241 | D:4      | Reached XP level 7. HP: 55/60 MP: 7/7
  2247 | D:4      | Found a basalt altar of Yredelemnul.
  2794 | D:5      | Entered Level 5 of the Dungeon
  2803 | D:5      | Found a glowing golden altar of the Shining One.
  2807 | D:5      | Reached skill level 5 in Fighting
  2807 | D:5      | Reached skill level 4 in Long Blades
  2850 | D:5      | Reached skill level 5 in Armour
  3000 | D:5      | Found a runed translucent door.
  3001 | D:5      | Noticed Crazy Yiuf
  3036 | D:5      | Reached skill level 5 in Shields
  3104 | D:5      | Found a stormy altar of Qazlal.
  3121 | D:5      | Reached skill level 5 in Long Blades
  3121 | D:5      | Reached XP level 8. HP: 57/68 MP: 8/8
  3146 | D:5      | Noticed Eustachio
  3175 | D:5      | Killed Eustachio
  3253 | D:5      | Reached skill level 6 in Long Blades
  3295 | D:5      | Gained mutation: You cannot read scrolls while threatened.
                  | [Ru sacrifice]
  3295 | D:5      | Reached * piety under Ru
  3417 | D:5      | Noticed Menkaure
  3424 | D:5      | Killed Menkaure
  3651 | D:5      | Killed Crazy Yiuf
  3788 | D:6      | Found a glowing silver altar of Zin.
  3852 | D:6      | Reached skill level 7 in Long Blades
  3908 | D:6      | Reached XP level 9. HP: 73/75 MP: 9/9
  4074 | D:6      | Found an opulent altar of Gozag.
  4076 | D:6      | Found an opulent altar of Gozag.
  4076 | D:6      | Found a glowing silver altar of Zin.
  4078 | D:6      | Found a shimmering altar of Xom.
  4078 | D:6      | Found a sparkling altar of Nemelex Xobeh.
  4078 | D:6      | Found an ancient bone altar of Kikubaaqudgha.
  4340 | D:7      | Noticed Prince Ribbit
  4387 | D:7      | Killed Prince Ribbit
  4408 | D:7      | Reached skill level 8 in Long Blades
  4763 | D:7      | Found a staircase to the Ecumenical Temple.
  4789 | D:7      | Reached skill level 1 in Stealth
  4987 | D:7      | Noticed Pikel
  5007 | D:7      | Killed Pikel
  5144 | D:8      | Found a burning altar of Makhleb.
  5229 | D:8      | Reached XP level 10. HP: 70/84 MP: 10/10
  5337 | D:8      | Reached skill level 9 in Long Blades
  5414 | D:8      | Gained mutation: You are sensitive to extremes of
                  | temperature. (rF-, rC-) [Ru sacrifice]
  5414 | D:8      | Reached ** piety under Ru
  5414 | D:8      | Reached *** piety under Ru
  5414 | D:8      | Reached **** piety under Ru
  5494 | D:8      | Found a sparkling altar of Nemelex Xobeh.
  5494 | D:8      | Found an opulent altar of Gozag.
  5495 | D:8      | Found a hazy altar of Hepliaklqana.
  5496 | D:8      | Upgraded the game from 0.24-a0-373-g39439d8 to
                  | 0.24-a0-375-g4de66ed
  6245 | D:9      | Noticed a two-headed ogre
  6268 | D:9      | HP: 4/86 [two-headed ogre/+0 giant club (5)]
  6275 | D:9      | Killed a two-headed ogre
  6741 | D:9      | Found a deep blue altar of Sif Muna.
  6991 | D:9      | Reached skill level 10 in Long Blades
  7092 | D:10     | Entered Level 10 of the Dungeon
  7594 | D:10     | Noticed a two-headed ogre
  7603 | D:10     | Killed a two-headed ogre
  7603 | D:10     | Reached XP level 11. HP: 45/94 MP: 4/11
  8474 | D:11     | Noticed a manticore
  8484 | D:11     | Killed a manticore
  8727 | D:11     | Found a staircase to the Lair.
  8769 | D:11     | Killed an unseen horror
  8894 | D:11     | Reached skill level 11 in Long Blades
  8932 | D:11     | Noticed a cyclops
  8941 | D:11     | Killed a cyclops
  8953 | D:11     | Gained mutation: You are slightly vulnerable to magic.
                  | (MR-) [Ru sacrifice]
  8953 | D:11     | Reached ***** piety under Ru
  9164 | Lair:1   | Entered Level 1 of the Lair of Beasts
  9947 | Lair:2   | Found a hole to the Spider Nest.
  9976 | Spider:1 | Entered Level 1 of the Spider Nest
  9976 | Spider:1 | Noticed a wolf spider
  9998 | Lair:2   | Killed a wolf spider
 10368 | Lair:2   | Reached XP level 12. HP: 96/104 MP: 10/12
 10373 | Lair:2   | Reached skill level 10 in Armour
 10422 | Lair:2   | Reached skill level 12 in Long Blades
 10422 | Lair:2   | Reached skill level 10 in Shields
 10898 | Lair:2   | Noticed a dire elephant
 10927 | Lair:2   | Killed a dire elephant
 11374 | Lair:2   | Reached skill level 13 in Long Blades
 11487 | Lair:2   | Reached skill level 10 in Fighting
 11583 | Lair:2   | Gained mutation: You cannot study or cast Air magic. [Ru
                  | sacrifice]
 11583 | Lair:2   | Gained mutation: You cannot study or cast Hexes magic. [Ru
                  | sacrifice]
 11583 | Lair:2   | Gained mutation: You cannot study or cast Summoning magic.
                  | [Ru sacrifice]
 11916 | Lair:3   | Found a staircase to the Shoals.
 12065 | Lair:3   | Noticed a death yak
 12065 | Lair:3   | Noticed a death yak
 12066 | Lair:3   | Noticed a death yak
 12067 | Lair:3   | Noticed a death yak
 12067 | Lair:3   | Noticed a death yak
 12068 | Lair:3   | Noticed a death yak
 12113 | Lair:3   | Killed a death yak
 12119 | Lair:3   | Killed a death yak
 12127 | Lair:3   | Killed a death yak
 12127 | Lair:3   | Reached XP level 13. HP: 72/114 MP: 8/13
 12395 | Lair:3   | Noticed Gastronok
 12415 | Lair:3   | Killed Gastronok
 12801 | Lair:4   | Found a runed translucent door.
 12801 | Lair:4   | Noticed Lenossia's ghost (journeyman MiBe)
 13148 | Lair:4   | Reached skill level 14 in Long Blades
 13192 | Lair:4   | Killed Lenossia's ghost
 14218 | Lair:5   | Gained mutation: Your casting is slightly disrupted. [Ru
                  | sacrifice]
 14218 | Lair:5   | Reached ****** piety under Ru
 14382 | Lair:5   | Noticed Nessos
 14423 | Lair:5   | Killed Nessos
 14973 | Lair:5   | Noticed Rupert
 14980 | Lair:5   | Noticed Sonja
 15012 | Lair:6   | Entered Level 6 of the Lair of Beasts
 15392 | Lair:6   | Slain by Rupert

Levels and vault maps discovered:
D:1:      lordsloth_arrival_two_stooges, layout_rooms,
          hangedman_decor_clover_reticule, chequers_serial_rivers_micro_b,
          hangedman_feature_mirror, chequers_serial_rivers_small_a
D:2:      layout_loops_ring, ebering_dispersal_statue_hall, uniq_sigmund
D:3:      layout_loops_ring, first_ration, minivault_19
D:4:      layout_loops_ring, yredelemnul_altar_generic,
          nicolae_ru_great_annihilating_truth, serial_shops, nicolae_shop_stone,
          st_stairs_7
D:5:      layout_basic, overflow_temple_1_default,
          nicolae_qazlal_general_emergency, uniq_eustachio,
          uniq_crazy_yiuf_cottage, uniq_menkaure
D:6:      layout_gridville, lemuel_coloured_pillars_altar, doesnt_xom_only_xom
D:7:      layout_rooms, minmay_temple_entry_junction, uniq_prince_ribbit1,
          uniq_pikel
D:8:      layout_basic, old_standard_altar, gammafunk_temple_overflow_claw
D:9:      layout_stronghold, led_sif_book
D:10:     layout_loops_cross, hangedman_fish_farm
D:11:     layout_loops_ring, david_lair_shrubbed, minmay_diced_spiral
Lair:1:   layout_roguey
Lair:2:   mu_elephants_graveyard, layout_gridlike, spider_nest_entry_a,
          infiniplex_staircase_pool, serial_bayou_shore_b
Lair:3:   layout_misc_corridors, minmay_shoals_entry_centaurs,
          portal_ice_cave_entry_pillars_1, lemuel_fruit_tree, uniq_gastronok
Lair:4:   layout_hall_layers, hellmonk_ghost_happy_afterlife,
          chequers_serial_rivers_small_a, minivault_25, serial_bayou_shore_b,
          grunt_megastairs_1
Lair:5:   layout_regular_city, st_stairs_12, uniq_sonja, uniq_rupert,
          uniq_nessos
Lair:6:   evilmike_catoblepas_cave, layout_loops_ring,
          minmay_slime_entry_oklob_enclosed, grunt_megastairs_4
Spider:1: layout_spider_delve, uniq_agnes

Skill      XL: |  1  2  3  4  5  6  7  8  9 10 11 12 13 |
---------------+----------------------------------------+-----
Fighting       | 4 5 6 8 9 10 11 | 11.7
Maces & Flails | 3 |  3.5
Long Blades    | 1 2 3 5 7 8 10 11 13 14 | 14.3
Armour         | 4 5 7 8 9 11 | 11.8
Shields        | 4 5 6 7 8 9 10 11 | 11.7
Dodging        | 1 2 3 4 |  4.6
Stealth        | 1 2 3 |  3.6

Action                   |  1- 3 |  4- 6 |  7- 9 | 10-12 | 13-15 || total
-------------------------+-------+-------+-------+-------+-------++-------
Melee: Flail             |    76 |     7 |       |       |       ||    83
       Long sword        |       |    99 |   356 |   752 |   338 ||  1545
Invok: Sacrifice Words   |       |       |     1 |       |       ||     1
       Sacrifice Resista |       |       |       |     1 |       ||     1
       Sacrifice Essence |       |       |       |     1 |     1 ||     2
       Sacrifice Arcana  |       |       |       |     1 |       ||     1
       Apocalypse        |       |       |       |       |     3 ||     3
       Draw Out Power    |       |       |       |       |     1 ||     1
Evoke: Wand              |       |       |       |       |     1 ||     1
  Use: Scroll            |       |       |     6 |    11 |     1 ||    18
       Potion            |       |       |     5 |     8 |    13 ||    26
 Stab: Paralysed         |       |     1 |       |       |     1 ||     2
       Sleeping          |       |       |     1 |     1 |       ||     2
       Invisible         |       |       |       |     4 |     5 ||     9
       Distracted        |       |       |       |     1 |     1 ||     2
  Eat: Chunk             |       |     5 |     6 |    22 |    10 ||    43
       Ration            |       |       |     1 |     1 |       ||     2
Armor: Scale mail        |    32 |    45 |   100 |    61 |       ||   238
       Plate armour      |       |       |       |   269 |   169 ||   438
       Skin              |       |       |       |       |    13 ||    13
Dodge: Dodged            |    24 |    35 |   114 |   180 |    89 ||   442
Block: Shield            |    42 |    47 |   175 |   388 |   172 ||   824
       Rpst.: Long sword |       |     7 |    38 |    46 |    24 ||   115

Table legend:
 A = Non-vault XP
 B = Vault XP
 C = Vault XP percentage of total XP
 D = Non-vault monster count
 E = Vault monster count
 F = Vault count percentage of total count
                 A         B        C        D         E       F
            +---------+---------+-------+---------+---------+-------
      Total |   34192 |   16155 |  32.1 |     282 |      46 |  14.0
            +---------+---------+-------+---------+---------+-------
        D:1 |      30 |       5 |  14.3 |      13 |       2 |  13.3
        D:2 |      46 |       0 |   0.0 |      12 |       0 |   0.0
        D:3 |      84 |       0 |   0.0 |      22 |       0 |   0.0
        D:4 |     483 |      77 |  13.8 |      17 |       5 |  22.7
        D:5 |    1043 |     406 |  28.0 |      27 |       3 |  10.0
        D:6 |     440 |       0 |   0.0 |      17 |       0 |   0.0
        D:7 |     614 |     897 |  59.4 |      13 |       2 |  13.3
        D:8 |    1153 |       0 |   0.0 |      17 |       0 |   0.0
        D:9 |    2381 |       0 |   0.0 |      26 |       0 |   0.0
       D:10 |    2132 |     270 |  11.2 |      18 |       1 |   5.3
       D:11 |    4653 |     658 |  12.4 |      24 |       4 |  14.3
     Lair:1 |     557 |       0 |   0.0 |       2 |       0 |   0.0
     Lair:2 |    3703 |    8453 |  69.5 |      16 |      19 |  54.3
     Lair:3 |    6463 |    2737 |  29.8 |      11 |       6 |  35.3
     Lair:4 |    6772 |    1262 |  15.7 |      28 |       2 |   6.7
     Lair:5 |    3179 |    1390 |  30.4 |      14 |       2 |  12.5
     Lair:6 |     459 |       0 |   0.0 |       5 |       0 |   0.0
            +---------+---------+-------+---------+---------+-------
